 Dungeon Crawl Stone Soup version 0.21.0-37-g46506fa (webtiles) character file.

5248 pk666 the Cleaver (level 10, -1/148 HPs)
             Began as a Minotaur Berserker on Feb 1, 2018.
             Was a High Priest of Trog.
             Slain by a yak (8 damage)
             ... on level 10 of the Dungeon.
             The game lasted 00:21:23 (9460 turns).

pk666 the Cleaver (Minotaur Berserker)              Turns: 9460, Time: 00:21:23

Health: -1/148     AC: 11    Str: 33    XL:     10   Next: 36%
Magic:  9/9        EV:  9    Int:  4    God:    Trog [*****.]
Gold:   375        SH:  8    Dex:  9    Spells: 9/9 levels left

rFire    . . .     SeeInvis .   A - +1 war axe (chop)
rCold    . . .     Gourm    .   p - +0 shield
rNeg     . . .     Faith    .   E - +3 scale mail of the Spheres {+Inv Str+2}
rPois    .         Spirit   .   (helmet restricted)
rElec    .         Reflect  .   (no cloak)
rCorr    +         Harm     .   i - +0 pair of gloves
MR       .....                  (no boots)
Stlth    ..........             (no amulet)
HPRegen  0.34/turn              z - ring of resist corrosion
MPRegen  0.11/turn              (no ring)

@: berserking, lethally poisoned (-1 -> -8), slowed
A: retaliatory headbutt, horns 2
a: Berserk, Trog's Hand, Brothers in Arms, Burn Spellbooks, Renounce Religion,
Evoke Invisibility


You were on level 10 of the Dungeon.
You worshipped Trog.
Trog was extremely pleased with you.
You were not hungry.

You visited 1 branch of the dungeon, and saw 10 of its levels.
You also visited: Ossuary.

You collected 489 gold pieces.
You spent 114 gold pieces at shops.

Inventory:

Hand Weapons
 A - a +1 war axe of chopping (weapon)
Armour
 i - a +0 pair of gloves (worn)
 p - a +0 shield (worn)
 E - the +3 scale mail of the Spheres (worn) {+Inv Str+2}
   (You found it on level 9 of the Dungeon)

   It affects your strength (+2).
   It lets you turn invisible.
Jewellery
 z - a ring of resist corrosion (left hand)
Scrolls
 b - 6 scrolls of identify
 d - 3 scrolls of teleportation {unknown}
 e - 9 scrolls of random uselessness {unknown}
 g - 2 scrolls of enchant armour {unknown}
 j - 4 scrolls of magic mapping {unknown}
 l - 4 scrolls of remove curse {unknown}
 o - a scroll of fog {unknown}
 q - 2 scrolls of vulnerability {unknown}
 s - 5 scrolls of immolation {unknown}
 t - a scroll of noise {unknown}
 v - 3 scrolls of amnesia {unknown}
 x - 3 scrolls of enchant weapon
 y - 2 scrolls of fear {unknown}
 B - a scroll of blinking {unknown}
Potions
 a - 2 potions of brilliance {unknown}
 f - 2 potions of flight
 h - a potion of invisibility {unknown}
 k - a potion of berserk rage {unknown}
 m - 2 potions of ambrosia {unknown}
 n - 3 potions of heal wounds
 r - 2 potions of curing {unknown}
 u - 2 potions of agility
 w - a potion of might {unknown}
 C - a potion of haste {unknown}
 D - 2 potions of lignification {unknown}
Comestibles
 c - 10 rations


   Skills:
 + Level 12.3 Fighting
 + Level 12.3 Axes
 + Level 5.3 Armour
 + Level 4.8 Dodging


You had 9 spell levels left.
You didn't know any spells.

Dungeon Overview and Level Annotations

Branches:
Dungeon (10/15)            Temple (0/1) D:7            Lair (0/6) D:10
    Orc: D:9-12

Altars:
Ashenzari
Cheibriados
Dithmenos
Gozag
Nemelex Xobeh
Yredelemnul

Shops:
D:4 *

Annotations:
D:10 Sonja


Innate Abilities, Weirdness & Mutations

You reflexively headbutt those who attack you in melee.
You have a pair of horns on your head.


Message History

You kill the porcupine!
Trog accepts your kill.
You hit the yak. You slash the porcupine!
* * * LOW HITPOINT WARNING * * *
You feel sick. You block the porcupine's attack.
The porcupine bites the plant.
You block the yak's attack. x2; The yak barely misses you.
You furiously retaliate!
You headbutt the yak! The basilisk barely misses you.
Unknown command.
You slash the basilisk!
You feel the power of Trog in you as your rage grows.
You kill the basilisk!
Trog accepts your kill.
You completely miss the yak. You hit the yak.
Your shield and scale mail of the Spheres prevent you from hitting the yak.
You closely miss the porcupine. You slash the yak!
You feel sick.
The porcupine bites the plant!
You block the porcupine's attack. The yak gores you.
* * * LOW HITPOINT WARNING * * *
The yak gores you!
You die...

...$.. #. ....... #.
##.....### #. ##
.P.PP.P.## #.
#..♣♣.P.....## #.
.P.......P...# #.
.......P♣tP♣.## #####'
P..!...†YP.P.P# #.....
...P.lY@Y..P..# #.....
.....PrYo♣.PP.# #.....
.P...rPP.Po...# #.....
.....P.o.t....# #.....
...P.P.r.oo♣P## #.....
..P......P......###.....
..PP.........##...'.....
.#...........######.....
#.....


You could see 4 yaks, a basilisk, an orc warrior, 2 crocodiles, 3 porcupines, an
orc wizard and 3 orcs.

Vanquished Creatures
  Erolcha (D:10)
  A spriggan (D:8)
  A basilisk (D:10)
  The ghost of Nanban the Chopper, an amateur FoMo (D:4)
  A steam dragon (D:8)
  A water moccasin (D:6)
  Duvessa (D:7)
  A porcupine (D:10)
  4 orc warriors
  An ice beast (D:8)
  A sky beast (D:8)
  3 phantoms
  A necrophage (D:7)
  3 ogres
  3 centaurs
  3 big kobolds
  4 bullfrogs
  3 scorpions
  A water moccasin skeleton (D:7)
  Dowan (D:7)
  3 wights (D:6)
  2 electric eels (D:9)
  A crimson imp (D:7)
  5 centaur zombies
  2 jellies (D:7)
  6 orc priests
  3 centaur skeletons
  3 hounds
  5 orc wizards
  2 iguanas
  Jessica (D:2)
  Natasha (twice) (D:3 D:2)
  4 worker ants
  The ghost of tidbits the Grave Robber, a weakling GnNe (D:3)
  2 hound skeletons
  5 mummies (Ossuary)
  A worker ant zombie (D:6)
  6 adders
  12 gnolls
  An ooze (D:1)
  2 adder skeletons
  A worm (D:4)
  4 dart slugs
  8 leopard geckos
  34 orcs
  A giant cockroach (D:2)
  A gnoll zombie (Ossuary)
  13 goblins
  5 hobgoblins
  7 jackals
  14 kobolds
  6 quokkas
  3 bats
  4 frilled lizards
  A goblin zombie (D:4)
  A hobgoblin zombie (Ossuary)
  A kobold zombie (Ossuary)
  An orc zombie (Ossuary)
  A quokka zombie (D:4)
  12 rats
223 creatures vanquished.

Notes
Turn   | Place    | Note
-------+----------+-------------------------------------------
     0 | D:1      | pk666 the Minotaur Berserker began the quest for the Orb.
     0 | D:1      | Reached XP level 1. HP: 19/19 MP: 0/0
    98 | D:1      | Reached XP level 2. HP: 22/27 MP: 1/1
   158 | D:1      | Found a sparkling altar of Nemelex Xobeh.
   647 | D:2      | Reached XP level 3. HP: 34/34 MP: 2/2
   776 | D:2      | Noticed Jessica
   797 | D:2      | Killed Jessica
   797 | D:2      | Reached XP level 4. HP: 29/41 MP: 3/3
   821 | D:2      | Reached ** piety under Trog
   821 | D:2      | Reached skill level 5 in Fighting
   845 | D:2      | Reached skill level 5 in Axes
  1128 | D:2      | Found a snail-covered altar of Cheibriados.
  1128 | D:2      | Found a basalt altar of Yredelemnul.
  1128 | D:2      | Found an opulent altar of Gozag.
  1282 | D:2      | Found a shattered altar of Ashenzari.
  1653 | D:3      | Noticed a phantom
  1659 | D:3      | Reached XP level 5. HP: 48/48 MP: 4/4
  1688 | D:3      | Killed a phantom
  1763 | D:3      | Noticed tidbits's ghost (weakling GnNe)
  1772 | D:3      | Killed tidbits's ghost
  1775 | D:3      | Noticed Natasha
  1789 | D:3      | Killed Natasha
  1789 | D:3      | Reached XP level 6. HP: 19/57 MP: 5/5
  1843 | D:3      | Noticed Natasha
  1872 | D:2      | Killed Natasha
  2420 | D:3      | Reached *** piety under Trog
  2832 | D:4      | Found a sand-covered staircase.
  2862 | Ossuary  | Entered an ossuary
  3051 | Ossuary  | Reached XP level 7. HP: 60/66 MP: 6/6
  3128 | Ossuary  | Received a gift from Trog
  3152 | D:4      | Noticed Nanban's ghost (amateur FoMo)
  3159 | D:4      | Killed Nanban's ghost
  3310 | D:4      | Found Kajoibbu's General Store.
  3318 | D:4      | Bought a scroll of identify for 24 gold pieces
  3318 | D:4      | Bought a scroll of enchant weapon for 90 gold pieces
  3680 | D:5      | Entered Level 5 of the Dungeon
  4537 | D:6      | Reached **** piety under Trog
  4543 | D:6      | HP: 5/103 [orc warrior/mace (11)]
  4545 | D:6      | Reached XP level 8. HP: 6/75 MP: 7/7
  5523 | D:6      | Reached skill level 10 in Fighting
  5766 | D:6      | Reached skill level 10 in Axes
  6097 | D:7      | Noticed Dowan
  6288 | D:7      | Killed Dowan
  6288 | D:7      | Reached XP level 9. HP: 82/86 MP: 8/8
  6451 | D:7      | Noticed Duvessa
  6465 | D:7      | Killed Duvessa
  6683 | D:7      | Found a staircase to the Ecumenical Temple.
  6699 | D:7      | Reached ***** piety under Trog
  7039 | D:8      | Found a shadowy altar of Dithmenos.
  8240 | D:9      | Got a bloodstained scale mail
  8251 | D:9      | Identified the +3 scale mail of the Spheres {+Inv Str+2} (You found it on level 9 of the Dungeon)
  8548 | D:9      | Reached XP level 10. HP: 97/97 MP: 9/9
  9230 | D:10     | Entered Level 10 of the Dungeon
  9239 | D:10     | Noticed Erolcha
  9249 | D:10     | Killed Erolcha
  9249 | D:10     | Reached skill level 5 in Armour
  9449 | D:10     | Noticed Sonja
  9456 | D:10     | Found a staircase to the Lair.
  9460 | D:10     | HP: 7/148 [yak (2)]
  9460 | D:10     | Slain by a yak

Skill      XL: |  1  2  3  4  5  6  7  8  9 10 |
---------------+-------------------------------+-----
Fighting       | 4 5 6 7 8 10 11 12 | 12.3
Axes           | 4 5 6 7 8 10 12 | 12.3
Armour         | 4 5 |  5.3
Dodging        | 3 4 |  4.8

Action                   |  1- 3 |  4- 6 |  7- 9 | 10-12 || total
-------------------------+-------+-------+-------+-------++-------
Melee: Hand axe          |    61 |   178 |   231 |       ||   470
       Headbutt          |    10 |    36 |    79 |    15 ||   140
       War axe           |       |       |   151 |    66 ||   217
Invok: Berserk           |       |     1 |     5 |     2 ||     8
       Burn Spellbooks   |       |       |     1 |       ||     1
  Use: Scroll            |       |       |     4 |       ||     4
       Potion            |       |       |     1 |       ||     1
  Eat: Chunk             |       |     8 |    15 |     2 ||    25
       Ration            |       |       |     2 |     1 ||     3
Armor: Animal skin       |     2 |       |       |       ||     2
       Chain mail        |    13 |    75 |   155 |       ||   243
       Scale mail        |       |       |     2 |    22 ||    24
Dodge: Dodged            |    23 |    57 |    54 |    20 ||   154
Block: Shield            |       |    25 |   127 |    33 ||   185
